 Dungeon Crawl Stone Soup version 0.20-a0-733-gf92fd71 (webtiles) character file.

231 Dharzhak the Ruffian (level 6, -12/52 HPs)
             Began as a Ghoul Monk on Feb 22, 2017.
             Mangled by an ogre
             ... wielding a cursed +0 giant club
              (23 damage)
             ... on level 4 of the Dungeon.
             The game lasted 00:13:16 (3592 turns).

Dharzhak the Ruffian (Ghoul Monk)                   Turns: 3592, Time: 00:13:17

Health: -12/52     AC:  7    Str: 15    XL:     6   Next: 3%
Magic:  5/5        EV: 14    Int:  5    God:
Gold:   121        SH:  3    Dex: 13    Spells: 5/5 levels left

rFire    . . .     SeeInvis .     - Unarmed
rCold    + . .     Gourm    .   F - +1 robe {Archmagi}
rNeg     + + +     Faith    .   (no shield)
rPois    ∞         Spirit   .   (no helmet)
rElec    .         Reflect  +   (no cloak)
rCorr    .         Harm     .   (no gloves)
MR       .....                  k - +0 pair of boots
Stlth    ++........             A - +3 amulet of reflection
Regen    0.0/turn               j - ring of flight
MPRegen  0.1/turn               h - +3 ring of protection

@: rotting
A: rotting body, claws 1, carnivore 3, cold resistance 1, negative energy
resistance 3, inhibited regeneration, torment resistance, unbreathing
a: Evoke Flight


You were on level 4 of the Dungeon.
You were not hungry.

You visited 1 branch of the dungeon, and saw 4 of its levels.

You collected 303 gold pieces.
You spent 182 gold pieces at shops.

Inventory:

Hand Weapons
 G - a +2 quarterstaff of crushing
Missiles
 u - 2 javelins (quivered)
 v - 28 poisoned needles
 B - 10 tomahawks
Armour
 k - a +0 pair of boots (worn)
 F - a +1 robe of the Archmagi (worn)
Jewellery
 h - a +3 ring of protection (left claw)
 j - a ring of flight (right claw)
 A - a +3 amulet of reflection (around neck)
Scrolls
 e - 4 scrolls of teleportation {unknown}
 f - 3 scrolls of remove curse {unknown}
 g - a scroll of immolation {unknown}
 i - a scroll of noise {unknown}
 m - a scroll of fog {unknown}
 o - a scroll of enchant weapon {unknown}
 q - 3 scrolls of magic mapping {unknown}
 r - 2 scrolls of recharging {unknown}
 t - 3 scrolls of amnesia {unknown}
 y - a scroll of enchant armour {unknown}
 z - a scroll of random uselessness {unknown}
 C - 2 scrolls of blinking {unknown}
Potions
 c - a potion of mutation
 n - a potion of brilliance
 p - 2 potions of flight
 s - a potion of ambrosia
 w - a potion of heal wounds {unknown}
 x - a potion of degeneration {unknown}
 E - 2 potions of curing {unknown}
Comestibles
 b - 4 meat rations
 l - 3 royal jellies


   Skills:
 + Level 4.1 Fighting
 + Level 3.8 Dodging
 + Level 2.9 Stealth
 + Level 5.5 Unarmed Combat


You had 5 spell levels left.
You didn't know any spells.

Dungeon Overview and Level Annotations

Branches:
Dungeon (4/15)
 Temple: D:4-7

Altars:
Ru
Trog

Shops:
D:4 %


Innate Abilities, Weirdness & Mutations

Your body is rotting away.
You thrive on raw meat.
You are immune to poison.
You have sharp fingernails.
You are carnivorous and can eat meat at any time.
Your flesh is cold resistant. (rC+)
You are immune to negative energy. (rN+++)
You do not regenerate when monsters are visible.
You are immune to unholy pain and torment.
You can survive without breathing.


Message History

The ogre is lightly wounded.
The ogre hits you with a giant club!
You barely miss the ogre.
The ogre is lightly wounded.
You claw the ogre!
The ogre is moderately wounded.
You block the ogre's attack.
You scratch the ogre.
The ogre is heavily wounded.
The ogre hits you with a giant club!
You barely miss the ogre.
The ogre is heavily wounded.
You barely miss the ogre.
The ogre is heavily wounded.
The ogre hits you with a giant club!
* * * LOW HITPOINT WARNING * * *
You claw the ogre!
The ogre is almost dead.
The ogre hits you with a giant club!!
You die...

#######.# #.#....O...#.#
####...###.####.#.########.##
...'........................#
####...#....##.########....###
####...#....##.#.. ..).......#
..######....##.#.######.#..###
#.# ###.###.#.....##.#..#
#.########.# #.#.O....#.#..#
#..........###.#@##..#..#..#
#########...<...........#..#
#.####>#.##..####..# #.#
#.#.##<.......#
#.####.#.########.##
#....#............#
####.###......(..## #.#
#########.# #.# #.#


You could see an ogre.

Vanquished Creatures
  An orc wizard (D:4)
  Natasha (thrice) (D:2)
  3 adders
  6 worms
  3 dart slugs
  3 leopard geckos
  8 orcs
  8 goblins
  7 hobgoblins
  3 jackals (D:4)
  A quokka (D:3)
  7 bats
  8 frilled lizards
  2 jackal skeletons (D:4)
  7 kobolds
  6 rats
76 creatures vanquished.

Notes
Turn   | Place    | Note
-------+----------+-------------------------------------------
     0 | D:1      | Dharzhak the Ghoul Monk began the quest for the Orb.
     0 | D:1      | Reached XP level 1. HP: 19/19 MP: 0/0
   253 | D:1      | Reached XP level 2. HP: 23/26 MP: 1/1
   604 | D:1      | Reached XP level 3. HP: 28/31 MP: 2/2
   849 | D:1      | Reached skill level 4 in Unarmed Combat
  1352 | D:2      | Noticed Natasha
  1357 | D:2      | Killed Natasha
  1357 | D:2      | Reached XP level 4. HP: 37/40 MP: 3/3
  1489 | D:2      | Noticed a moth of wrath
  1491 | D:2      | Found a bloodstained altar of Trog.
  1511 | D:2      | HP: 1/40 [worm (8)]
  1522 | D:2      | Noticed Natasha
  1543 | D:2      | Killed Natasha
  1559 | D:2      | Reached XP level 5. HP: 14/46 MP: 4/4
  1651 | D:2      | Noticed Natasha
  1697 | D:2      | Killed Natasha
  1697 | D:2      | Reached skill level 5 in Unarmed Combat
  2073 | D:3      | Found a sacrificial altar of Ru.
  3099 | D:4      | Noticed an ogre
  3263 | D:4      | Found Zidiz's Food Boutique.
  3268 | D:4      | Bought a meat ration for 65 gold pieces
  3268 | D:4      | Bought a royal jelly for 26 gold pieces
  3268 | D:4      | Bought a meat ration for 65 gold pieces
  3268 | D:4      | Bought a royal jelly for 26 gold pieces
  3291 | D:4      | Reached XP level 6. HP: 23/52 MP: 5/5
  3592 | D:4      | Mangled by an ogre

Vault maps used:
D:1:      lemuel_arrival_hallway, glass_columns_c, grunt_decor_mini_mirrors
D:2:      tgw_trog, minivault_5, minmay_tall_x, uniq_natasha
D:3:      nicolae_ru_awakened_eye
D:4:      minmay_wonky_spiral, first_bread, serial_shops, shop

Skill      XL: |  1  2  3  4  5 |
---------------+----------------+-----
Dodging        | 3 |  3.8
Unarmed Combat | 4 5 |  5.5
Fighting       | 4 |  4.1
Stealth        | |  2.9

Action                   |  1- 3 |  4- 6 || total
-------------------------+-------+-------++-------
Melee: Unarmed           |   133 |   154 ||   287
       Punch             |     1 |     3 ||     4
  Use: Scroll            |       |     4 ||     4
 Stab: Sleeping          |     2 |     3 ||     5
  Eat: Chunk             |     7 |    16 ||    23
Armor: Robe              |    22 |    49 ||    71
Dodge: Dodged            |   103 |    85 ||   188
Block: Other             |       |     3 ||     3
